 Dungeon Crawl Stone Soup version 0.29.0-4-gdea44cf6ec (webtiles) character file.

Game seed: 13869242943989131946

32 qw the Caller (level 3, -1/28 HPs)
             Began as a Ghoul Summoner on Sept 9, 2022.
             Slain by Sigmund
             ... wielding a +1 scythe of venom
              (8 damage)
             ... on level 2 of the Dungeon.
             The game lasted 00:00:44 (1807 turns).

qw the Caller (Ghoul Summoner)                      Turns: 1807, Time: 00:00:44

Health: -1/28      AC: 10    Str: 13    XL:     3   Next: 27%
Magic:  4/4        EV:  5    Int: 10    God:
Gold:   82         SH:  0    Dex:  9    Spells: 4/5 levels left

rFire   . . .      SeeInvis .   Y - +1 rapier
rCold   + . .      Faith    .   (no shield)
rNeg    + + +      Spirit   .   i - +0 chain mail
rPois   inf        Reflect  .   l - +0 helmet
rElec   .          Harm     .   m - +0 cloak
rCorr   .          Rampage  .   (no gloves)
Will    .....                   (no boots)
Stlth   ..........              (no amulet)
HPRegen 0.00/turn               (no ring)
MPRegen 0.09/turn               (no ring)

@: inhibited regen
A: claws 1, cold resistance 1, negative energy resistance 3, inhibited
regeneration, torment resistance 2, devour on kill
a: no special abilities


You were on level 2 of the Dungeon.
You visited 1 branch of the dungeon, and saw 3 of its levels.

You collected 82 gold pieces.


Innate Abilities, Weirdness & Mutations

You are immune to poison.
You have sharp fingernails.
Your flesh is cold resistant. (rC+)
You are immune to negative energy. (rN+++)
You do not regenerate when monsters are visible.
You are immune to unholy pain and torment.
You thrive by killing the living.


   Skills:
 - Level 1.1 Fighting
 - Level 2.0 Axes
 + Level 0.5 Armour
 - Level 1.7 Dodging
 - Level 2.1 Stealth
 - Level 1.7 Spellcasting
 - Level 3.6 Summonings


You had 4 spell levels left.
You knew the following spells:

 Your Spells              Type           Power      Damage    Failure   Level
a - Summon Small Mammal   Summ           32%        N/A       95%         1

Your spell library contained the following spells:

 Spells                   Type           Power      Damage    Failure   Level
 Call Imp                 Summ           8%         N/A       99%         2
 Call Canine Familiar     Summ           8%         N/A       100%        3
 Summon Guardian Golem    Hex/Summ       4%         N/A       100%        3
 Summon Lightning Spire   Summ/Air       4%         N/A       100%        4

Inventory:

Hand Weapons
 Y - a +1 rapier (weapon)
Armour
 i - a +0 chain mail (worn)
 l - a +0 helmet (worn)
 m - a +0 cloak (worn)
Scrolls
 f - a scroll of identify
Potions
 c - 2 potions of curing
 j - a potion of resistance
 k - a potion of mutation
 n - a potion of degeneration {unknown}

Dungeon Overview and Level Annotations

Branches:
Dungeon (3/15)

Altars:

Annotations:
D:2 Sigmund


Message History

You swap places.
There is a stone staircase leading up here.
You climb upwards.
Sigmund shouts!
Sigmund hits you from afar with a +1 scythe of venom.
There is a stone staircase leading down here.
Enter note:
Enter note:
Enter note:
Enter note:
Enter note: Sigmund hits you with a +1 scythe of venom!
You barely miss Sigmund. You closely miss Sigmund. Sigmund barely misses you.
You hit Sigmund.
Sigmund is lightly wounded.
Sigmund barely misses you.
You barely miss Sigmund.
Sigmund is lightly wounded.
Sigmund gestures at you while chanting. You resist with significant effort.
You closely miss Sigmund.
Sigmund is lightly wounded.
Sigmund gestures at you while chanting. The puff of flame hits you.
You closely miss Sigmund.
Sigmund is lightly wounded.
Sigmund hits you but does no damage.
You hit Sigmund but do no damage.
Sigmund is lightly wounded.
Sigmund hits you with a +1 scythe of venom.
You closely miss Sigmund.
Sigmund is lightly wounded.
Sigmund casts a spell.
Sigmund flickers and vanishes!
Deactivating autopickup; reactivate with Ctrl-A.
You barely miss something. Something hits you!
You die...

#.#..
#........................
.
#.#..##.##........###....
#.##.##.##.#..###.# #....
#.##.##.##.#..###.###.###
#.##.##.##............# #
#.##..#.####..###.###.# #
..# ........#.....# #.# #
..# #. ###..>.###.# #.#
#.# ## ##.@## #.# #.# ..#
.......{.....# #.# #.#
............#......
####.##................
...
..........#.............
#.# #.####.##..### #.# #.
#.# ..# #.# # #.# ..# #.#


There were no monsters in sight!

Vanquished Creatures
  An adder (D:2)
  2 ball pythons
  2 endoplasms
  A giant cockroach (D:1)
  A goblin (D:1)
  A hobgoblin (D:3)
  A kobold (D:1)
  A quokka (D:1)
  A bat (D:2)
  A frilled lizard (D:3)
  2 rats
14 creatures vanquished.

Vanquished Creatures (collateral kills)
  A dart slug (D:1)
  2 ball pythons (D:1)
  2 hobgoblins (D:1)
5 creatures vanquished.

Grand Total: 19 creatures vanquished

Notes
Turn   | Place    | Note
-------+----------+-------------------------------------------
     0 | D:1      | qw the Ghoul Summoner began the quest for the Orb.
     0 | D:1      | Reached XP level 1. HP: 14/14 MP: 2/2
     0 | D:1      | 0 ||| qw: Version: 0.1-a-113-g051387a
     0 | D:1      | 0 ||| qw: Game counter: 6911
     0 | D:1      | 0 ||| qw: Always use a shield: true
     0 | D:1      | 0 ||| qw: God list: Okawaru
     0 | D:1      | 0 ||| qw: Allow faded altars: false
     0 | D:1      | 0 ||| qw: Do Orc after D:15 true
     0 | D:1      | 0 ||| qw: Do second Lair branch before Depths: true
     0 | D:1      | 0 ||| qw: Lair rune preference: random
     0 | D:1      | 0 ||| qw: Plans: Normal
     0 | D:1      | 0 ||| PLANNING D:1-11
    69 | D:1      | 69 ||| CASTING Summon Small Mammal
    70 | D:1      | 70 ||| CASTING Summon Small Mammal
    96 | D:1      | 96 ||| Wielding weapon +0 short sword.
   129 | D:1      | 129 ||| CASTING Summon Small Mammal
   130 | D:1      | 130 ||| CASTING Summon Small Mammal
   163 | D:1      | 163 ||| CASTING Summon Small Mammal
   164 | D:1      | 164 ||| Stepping ~*~*~tactically~*~*~ (stealth).
   165 | D:1      | 165 ||| CASTING Summon Small Mammal
   170 | D:1      | Reached skill level 1 in Axes
   175 | D:1      | Reached XP level 2. HP: 21/22 MP: 1/3
   236 | D:1      | 236 ||| CASTING Summon Small Mammal
   237 | D:1      | 237 ||| CASTING Summon Small Mammal
   238 | D:1      | 238 ||| CASTING Summon Small Mammal
   246 | D:1      | Reached skill level 1 in Fighting
   325 | D:1      | 325 ||| CASTING Summon Small Mammal
   326 | D:1      | 326 ||| CASTING Summon Small Mammal
   327 | D:1      | 327 ||| CASTING Summon Small Mammal
   376 | D:1      | Found a faded altar of an unknown god.
   424 | D:1      | 424 ||| CASTING Summon Small Mammal
   425 | D:1      | 425 ||| CASTING Summon Small Mammal
   426 | D:1      | 426 ||| CASTING Summon Small Mammal
   508 | D:1      | 508 ||| CASTING Summon Small Mammal
   509 | D:1      | 509 ||| CASTING Summon Small Mammal
   510 | D:1      | 510 ||| CASTING Summon Small Mammal
   572 | D:1      | 572 ||| CASTING Summon Small Mammal
   573 | D:1      | 573 ||| CASTING Summon Small Mammal
   574 | D:1      | 574 ||| CASTING Summon Small Mammal
   584 | D:1      | 584 ||| CASTING Summon Small Mammal
   711 | D:1      | 711 ||| CASTING Summon Small Mammal
   712 | D:1      | 712 ||| CASTING Summon Small Mammal
   713 | D:1      | 713 ||| CASTING Summon Small Mammal
   723 | D:1      | 723 ||| CASTING Summon Small Mammal
   735 | D:1      | 735 ||| CASTING Summon Small Mammal
  1100 | D:1      | 1100 ||| UPGRADING to +0 leather armour.
  1110 | D:1      | 1110 ||| DROPPING +0 robe.
  1111 | D:1      | 1111 ||| UPGRADING to +0 chain mail.
  1121 | D:1      | 1121 ||| DROPPING +0 leather armour.
  1122 | D:1      | 1122 ||| UPGRADING to +0 helmet.
  1127 | D:1      | 1127 ||| READING 2 scrolls labelled OCKEFUS ESOO.
  1128 | D:1      | 1128 ||| READING scroll labelled OZXU ZURAC.
  1129 | D:1      | 1129 ||| READING scroll labelled KOT RAOLONNI.
  1130 | D:1      | 1130 ||| READING scroll labelled XEAGRAKHLUL.
  1131 | D:1      | 1131 ||| READING scroll labelled AXUEP JAUFOGH.
  1232 | D:1      | 1232 ||| DRINKING 3 black potions.
  1233 | D:1      | 1233 ||| DROPPING potion of magic.
  1267 | D:2      | 1267 ||| SWAPPING to +0 mace.
  1268 | D:2      | 1268 ||| DROPPING +0 short sword.
  1290 | D:2      | Reached XP level 3. HP: 23/28 MP: 4/4
  1346 | D:2      | 1346 ||| SWAPPING to +0 rapier.
  1347 | D:2      | 1347 ||| DROPPING +0 mace.
  1615 | D:2      | You fall into a shaft and drop 1 floor!
  1779 | D:3      | 1779 ||| DROPPING +1 hat.
  1780 | D:3      | 1780 ||| UPGRADING to +0 cloak.
  1785 | D:3      | 1785 ||| DROPPING ring of flight.
  1786 | D:3      | 1786 ||| READING scroll labelled YNIUR FOCITOS.
  1787 | D:3      | 1787 ||| READING scroll labelled QUUBBA XIHOO.
  1788 | D:3      | 1788 ||| READING 2 scrolls labelled HAJOYL YN PODE.
  1789 | D:3      | 1789 ||| READING 3 scrolls of identify.
  1789 | D:3      | 1789 ||| IDENTIFYING amethyst potion
  1790 | D:3      | 1790 ||| READING 2 scrolls of identify.
  1790 | D:3      | 1790 ||| IDENTIFYING metallic red potion
  1791 | D:3      | 1791 ||| DROPPING scroll of butterflies.
  1797 | D:2      | Noticed Sigmund
  1805 | D:2      | HP: 7/28 [Sigmund/+1 scythe of venom (3)]
  1807 | D:2      | Slain by Sigmund

Levels and vault maps discovered:
D:1:      psy_arrival_dodecagon, layout_loops_ring,
          shapermc_ecumenical_altar_mp_ritualfount
D:2:      layout_basic, basic_altar, hangedman_decor_clover_reticule,
          uniq_sigmund
D:3:      layout_loops_cross

Skill      XL: |  1  2 |
---------------+-------+-----
Axes           | 1 2 |  2.0
Fighting       | 1 |  1.1
Armour         | |  0.5
Dodging        | |  1.7
Stealth        | |  2.1
Spellcasting   | |  1.7
Summonings     | |  3.6

Action                   || total
-------------------------++-------
Melee: Short sword       ||    45
       Unarmed           ||     2
       Mace              ||    11
       Rapier            ||    41
 Cast: Summon Small Mamm ||    25
  Use: Scroll            ||    10
       Potion            ||     1
Armor: Robe              ||     6
       Chain mail        ||    43
Dodge: Dodged            ||    51

Table legend:
 A = Non-vault XP
 B = Vault XP
 C = Vault XP percentage of total XP
 D = Non-vault monster count
 E = Vault monster count
 F = Vault count percentage of total count
                 A         B        C        D         E       F
            +---------+---------+-------+---------+---------+-------
      Total |      47 |       0 |   0.0 |      19 |       0 |   0.0
            +---------+---------+-------+---------+---------+-------
        D:1 |      24 |       0 |   0.0 |      12 |       0 |   0.0
        D:2 |      17 |       0 |   0.0 |       3 |       0 |   0.0
        D:3 |       6 |       0 |   0.0 |       4 |       0 |   0.0
            +---------+---------+-------+---------+---------+-------
